Map: Ruins of Seras

Players

Jona

  • Race: Zerg Zerg
  • League: Master

AiLillekanin (Lillekanin) - Winner!

  • Race: Terran Terran
  • League: Master

Event: NationWars III

VOD

Have the link to the VOD?

Description

Time

  • Played on: Dec. 11, 2015, 1:32 p.m.
  • Length: 7:34
Show
View Real Time Build Order
Export as new Build Order

Jona Zerg 

Build Orders: Hatch First 

Get SALT Encoding   

  12  0:00  Drone  
  13  0:14  Overlord  
  13  0:19  Drone  
  14  0:32  Drone x2  
  16  0:37  Drone  
  17  0:53  Hatchery  
  17  0:56  Drone  
  17  1:01  Drone  
  18  1:06  Extractor  
  17  1:16  Spawning Pool  
  16  1:18  Drone  
  16  1:23  Drone  
  18  1:31  Drone  
  19  1:42  Drone  
  20  1:56  Overlord  
  20  2:02  Queen  
  20  2:05  Queen  
  20  2:07  Metabolic Boost  
  24  2:10  Zergling x2  
  24  2:11  Drone  
  26  2:17  Overlord  
  26  2:19  Drone  
  27  2:24  Drone  
  27  2:27  Drone  
  29  2:33  Spore Crawler  
  29  2:36  Zergling x2  
  29  2:38  Extractor  
  30  2:51  Queen  
  30  2:54  Zergling x2  
  30  2:55  Zergling x4  
  30  2:56  Overlord  
  35  3:00  Zergling x2  
  36  3:11  Drone x2  
  38  3:17  Drone  
  39  3:22  Drone x3  
  39  3:24  Hatchery  
  39  3:26  Drone x2  
  43  3:37  Drone x2  
  43  3:38  Drone  
  46  3:46  Drone  
  47  3:48  Drone  
  47  3:49  Drone  
  47  3:53  Drone x2  
  47  3:54  Drone  
  52  3:55  Overlord  
  52  4:05  Roach Warren  
  52  4:06  Evolution Chamber  
  52  4:09  Drone, Overlord  
  51  4:10  Overlord  
  51  4:15  Extractor  
  49  4:36  Spore Crawler  
  48  4:41  Zergling x14  
  48  4:42  Zergling x8  
  58  4:49  Zerg Ground Armor Level 1  
  58  4:53  Spore Crawler, Drone x3  
  60  5:04  Drone x6  
  66  5:08  Drone  
  67  5:15  Drone  
  67  5:16  Drone x3  
  67  5:17  Lair  
  67  5:20  Roach  
  67  5:21  Overlord x3  
  71  5:31  Roach x2  
  70  5:42  Roach x5  
  76  5:47  Drone x4  
  76  5:48  Drone x4  
  73  6:06  Zergling x6  
  70  6:22  Zergling x14  
  73  6:31  Zergling x6  
  57  6:47  Drone x3  
  57  6:48  Drone x4  
  57  6:59  Zergling x4  
  57  7:00  Zergling x2  
Show
View Real Time Build Order
Export as new Build Order

AiLillekanin Terran - Winner!

Build Orders: Liberator Opening, Reaper Expand 

Get SALT Encoding   

  12  0:01  SCV  
  13  0:13  SCV  
  14  0:18  Supply Depot  
  14  0:25  SCV  
  15  0:40  SCV  
  15  0:41  Barracks  
  16  0:46  Refinery  
  16  0:52  SCV  
  17  1:04  SCV  
  18  1:16  SCV  
  19  1:30  Reaper, Orbital Command  
  20  1:47  Command Center  
  20  1:57  Supply Depot  
  20  1:59  SCV  
  21  2:07  Barracks Reactor  
  21  2:15  SCV, Barracks  
  22  2:28  SCV  
  23  2:34  Factory  
  23  2:40  SCV  
  24  2:45  Marine  
  24  2:52  SCV  
  24  2:56  Refinery  
  25  2:59  Bunker  
  25  3:00  Orbital Command  
  25  3:02  Marine  
  25  3:04  SCV, Marine  
  28  3:07  Barracks Tech Lab  
  28  3:16  SCV  
  29  3:20  Starport  
  29  3:24  Marine  
  29  3:26  SCV  
  31  3:28  SCV  
  31  3:31  Factory Reactor  
  31  3:32  Marine  
  33  3:38  SCV  
  33  3:41  Supply Depot  
  33  3:43  Marine  
  33  3:48  Marine  
  35  3:49  SCV  
  35  3:52  Marine  
  37  3:57  SCV, Liberator  
  37  3:59  Refinery  
  37  4:01  Marine  
  39  4:03  SCV  
  39  4:07  Marine  
  39  4:08  Liberator  
  41  4:10  SCV  
  41  4:12  Marine  
  41  4:13  Factory Tech Lab  
  46  4:21  Supply Depot  
  46  4:23  SCV  
  47  4:27  SCV  
  51  4:35  SCV  
  52  4:39  SCV  
  52  4:41  Liberator  
  52  4:42  Marine x2  
  52  4:45  Supply Depot  
  55  4:48  SCV  
  55  4:51  SCV, Liberator  
  60  5:00  SCV  
  60  5:04  Supply Depot  
  60  5:06  SCV  
  62  5:12  SCV  
  65  5:19  Refinery  
  65  5:20  SCV  
  66  5:25  Liberator  
  66  5:29  Command Center  
  66  5:32  Marine x2  
  60  5:36  Marine  
  60  5:39  SCV  
  61  5:49  Siege Tank  
  67  5:50  Liberator  
  66  5:58  Marine x2  
  66  6:00  SCV  
  66  6:02  Marine  
  69  6:10  Liberator  
  72  6:16  Barracks  
  72  6:18  Barracks  
  72  6:28  Marine x2  
  77  6:32  Supply Depot  
  77  6:36  Marine  
  78  6:46  Marine x2  
  77  6:51  Orbital Command  
  77  6:54  Marine  
  78  7:04  Marine  
  78  7:07  Bunker  
  78  7:08  Orbital Command  
  75  7:13  Marauder  
  75  7:15  Marine  
Tags
 
Add a new tag
Caveats
  • Supply blocks, unpowered buildings, or Contaminate may cause inaccurate times.
  • Supply counts are checked every 10 seconds.